 Dungeon Crawl Stone Soup version 0.27.1-34-g3ba077fa99 (webtiles) character file.

Game seed: 6176955353892737609

18 Gabide the Skirmisher (level 2, 0/24 HPs)
             Began as a Human Monk on Jan 18, 2022.
             Frozen to death by an endoplasm (4 damage)
             ... on level 1 of the Dungeon.
             The game lasted 00:00:54 (1041 turns).

Gabide the Skirmisher (Human Monk)                  Turns: 1041, Time: 00:00:54

Health: 0/24       AC:  3    Str: 11    XL:     2   Next: 90%
Magic:  2/2        EV: 13    Int: 10    God:
Gold:   44         SH:  0    Dex: 15    Spells: 1/1 levels left

rFire    . . .     SeeInvis .   a - +0 spear
rCold    . . .     Faith    .   (no shield)
rNeg     . . .     Spirit   .   b - +0 robe
rPois    .         Reflect  .   (no helmet)
rElec    .         Harm     .   (no cloak)
rCorr    .         Rampage  .   e - +0 pair of gloves
Will     .....                  (no boots)
Stlth    ++........             (no amulet)
HPRegen  0.08/turn              (no ring)
MPRegen  0.08/turn              (no ring)

@: no status effects
A: no striking features
a: no special abilities


You were on level 1 of the Dungeon.
You visited 1 branch of the dungeon, and saw 2 of its levels.

You collected 44 gold pieces.

Inventory:

Hand Weapons
 a - a +0 spear (weapon)
Armour
 b - a +0 robe (worn)
 e - a +0 pair of gloves (worn)
Scrolls
 c - a scroll of vulnerability {unknown}
Potions
 d - a potion of resistance {unknown}


   Skills:
 * Level 3.5 Fighting
 + Level 3.1 Polearms
 * Level 3.1 Dodging
 + Level 2.1 Stealth


You had one spell level left.
You didn't know any spells.
Your spell library was empty.

Dungeon Overview and Level Annotations

Branches:
Dungeon (2/15)

Altars:


Message History

The endoplasm freezes you.
You are frozen.
You barely miss the kobold.
The kobold is heavily wounded.
The kobold barely misses you. The rat completely misses you.
The endoplasm freezes you.
You are frozen.
You are too injured to fight recklessly!
You are too injured to fight recklessly!
You are too injured to fight recklessly!
You are too injured to fight recklessly!
You are too injured to fight recklessly!
You are too injured to fight recklessly!
You are too injured to fight recklessly!
You are too injured to fight recklessly!
You are too injured to fight recklessly!
You are too injured to fight recklessly!
You are too injured to fight recklessly!
You are too injured to fight recklessly!
You are too injured to fight recklessly!
You are too injured to fight recklessly!
You are too injured to fight recklessly!
You are too injured to fight recklessly!
You are too injured to fight recklessly!
You are too injured to fight recklessly!
The kobold closely misses you. The rat bites you but does no damage.
The endoplasm freezes you.
You are frozen.
* * * LOW HITPOINT WARNING * * *
You climb upwards.
There is a stone staircase leading down here.
You completely miss the endoplasm. The rat barely misses you.
The endoplasm hits you.
* * * LOW HITPOINT WARNING * * *
You completely miss the endoplasm.
The rat twitches its whiskers.
The rat bites you but does no damage. The endoplasm freezes you.
You are frozen.
You die...

...# #....##.#.# #.###.⌠.# ...#
#....+....# #.#...... ...#
#....##.######### #.+.⌠.<.⌠ ...#
#....##.#.......# #.#...... ...#
#....##.#.#####.# #.###.⌠.#
...####.............#.# #...#...#
..............#.....#.# #...#####
.#.............######.# #........
.#.........(..KJ@r# #.###.#######
.#############.######............
.#...÷.................##########
............##.#######.# #
.#.########.#..#.......# #
......# #.##.#.###.#.# # .#.##.#
#.##.#.# #.#.########## .#....#
#.#..#.# #...........## .#..###
#.#..#.# #...........#.


You could see an endoplasm, a kobold and a rat.

Vanquished Creatures
  3 bats (D:1)
  2 endoplasms (D:1)
  2 hobgoblins (D:1)
  A quokka (D:1)
  A frilled lizard (D:1)
  3 goblins (D:1)
  A kobold (D:1)
  5 rats
18 creatures vanquished.

Notes
Turn   | Place    | Note
-------+----------+-------------------------------------------
     0 | D:1      | Gabide the Human Monk began the quest for the Orb.
     0 | D:1      | Reached XP level 1. HP: 18/18 MP: 1/1
   449 | D:1      | Reached XP level 2. HP: 24/24 MP: 2/2
   690 | D:1      | Found a faded altar of an unknown god.
  1041 | D:1      | Frozen to death by an endoplasm

Illustrated notes

Levels and vault maps discovered:
D:1:      dpeg_arrival_simpleton_c, layout_basic,
          hellmonk_ecumenical_altar_crossroads, minmay_misc_feat_rows,
          minmay_misc_feat_room
D:2:      layout_basic, st_stairs_10, minivault_26

Action                   || total
-------------------------++-------
Melee: Spear             ||    59
 Stab: Sleeping          ||     6
Armor: Robe              ||     8
Dodge: Dodged            ||    25
